 Dungeon Crawl Stone Soup version 0.32-a0-43-g058985b245 (webtiles) character file.

Game seed: 17684266233882965789

32 CraigForest the Trooper (level 3, 33/33 HPs)
             Began as a Hill Orc Fighter on Feb 3, 2024.
             Was an Initiate of Ashenzari.
             Got out of the dungeon alive.
             The game lasted 00:05:26 (919 turns).

CraigForest the Trooper (Hill Orc Fighter)           Turns: 919, Time: 00:05:27

Health: 33/33      AC:  6    Str: 20    XL:     3   Next: 27%
Magic:  3/3        EV:  9    Int:  8    God:    Ashenzari [......]
Gold:   55         SH:  4    Dex: 10    Spells: 2/2 levels left

rFire   . . .        (no weapon)
rCold   . . .        c - +0 buckler
rNeg    . . .        b - +0 scale mail
rPois   .            (no helmet)
rElec   .            (no cloak)
rCorr   .            (no gloves)
SInv    .            (no boots)
Will    .....        g - amulet "Shattered Discomfort" {Regen+, Comp, Cun} (curse) Stlth
                     (no ring)
HPRegen 1.05/turn    (no ring)
MPRegen 0.08/turn

%: no passive effects
@: no status effects
A: no striking features
a: Renounce Religion, Shatter the Chains


You escaped.
You worshipped Ashenzari.
Ashenzari was noncommittal.
You visited 1 branch of the dungeon, and saw 3 of its levels.

You collected 55 gold pieces.

Inventory:

Hand Weapons
 a - a +0 war axe
Missiles
 j - 5 poisoned darts (quivered)
Armour
 b - a +0 scale mail (worn)
 c - a +0 buckler (worn)
Jewellery
 g - the cursed amulet "Shattered Discomfort" (around neck) {Regen+, Comp, Cun}
   (You found it on level 1 of the Dungeon)

   [amulet of regeneration]

   Regen+:    It increases your rate of health regeneration.
   It has a curse which improves the following skills: Companions: Summonings
   and Necromancy.
   Cunning:   Dodging and Stealth.
Talismans
 k - a beast talisman
Scrolls
 e - 2 scrolls of blinking {unknown}
 h - 4 scrolls of amnesia
 i - a scroll of identify {unknown}
 l - a scroll of vulnerability {unknown}
 m - a scroll of enchant armour {unknown}
Potions
 d - 2 potions of might
 f - a potion of enlightenment {unknown}
 n - a potion of haste {unknown}
 o - a potion of heal wounds {unknown}


   Skills:
 + Level 4.1 Fighting
 + Level 3.5 Axes
 + Level 3.5 Armour
 + Level 3.6 Shields


You had 2 spell levels left.
You didn't know any spells.
Your spell library contained the following spells:

 Spells                   Type           Power      Damage    Failure   Level
 Ensorcelled Hibernation  Hex/Ice        0%         N/A       92%         2
 Fugue of the Fallen      Necr           0%         N/A       99%         3
 Anguish                  Hex/Necr       0%         N/A       100%        4


Dungeon Overview and Level Annotations

Branches:
Dungeon (3/15)

Altars:
Ashenzari


Message History

Unknown command.
Unknown command.
Unknown command.
Unknown command.
Unknown command.
Unknown command.
Unknown command.
Unknown command.
Unknown command.
Unknown command.
Unknown command.
Unknown command.
Unknown command.
Unknown command.
Unknown command.
Unknown command.
Unknown command.
You see here a +0 scale mail.
There is a stone staircase leading down here.
You climb downwards.
Found a gold piece.
There is a stone staircase leading up here.
A ball python is nearby!
A ball python is nearby!
You climb upwards.
There is a stone staircase leading down here.
You see here a +0 dagger.
There is a stone staircase leading up here.
You climb upwards.
There is a stone staircase leading down here.
Okay, then.
You are now empty-handed.
Okay, then.
Okay, then.
Unknown command.
You see here a +0 short sword.
There is a large open door here.
There is a staircase leading out of the dungeon here.
You can't go down here!
You have escaped!

..#...'....#.#.#.#.....##.#.#####
......##.8.#.#.#.#......#.#.†....
.#....#....#.#.#.#......#.#..####
.#....######.#.#.##.......#..#
......#........#.##.......†..#
......######.>.#.##.......##.#
......#........#.#.......>...##
......#.########.#............#
......#.........@#............#
....#.############............#
....#.# #............# ....#.#
######.......# ....#.# #.......#
......# #.......# #######
######### ## .#


There were no monsters in sight!

Vanquished Creatures
  3 ball pythons (D:1)
  4 bats (D:1)
  3 endoplasms (D:1)
  2 goblins
  3 hobgoblins (D:1)
  2 jackals (D:1)
  3 quokkas (D:1)
  A frilled lizard (D:1)
  5 kobolds (D:1)
  3 rats (D:1)
29 creatures vanquished.

Notes
Turn   | Place    | Note
-------+----------+-------------------------------------------
     0 | D:1      | CraigForest the Hill Orc Fighter began the quest for the
                  | Orb.
     0 | D:1      | Reached XP level 1. HP: 19/19 MP: 1/1
    75 | D:1      | Reached XP level 2. HP: 24/27 MP: 2/2
   194 | D:1      | Reached skill level 4 in Fighting
   255 | D:1      | Reached XP level 3. HP: 33/33 MP: 3/3
   704 | D:1      | Found a faded altar of an unknown god.
   773 | D:1      | Prayed at the altar of an unknown god.
   773 | D:1      | Became a worshipper of Ashenzari the Shackled
   919 | D:$      | Got out of the dungeon alive.

Illustrated notes

Levels and vault maps discovered:
D:1:      hellmonk_arrival_library, layout_basic,
          hellmonk_ecumenical_altar_pennies_from_heaven, serial_bayou_pond_a
D:2:      layout_loops_cross, kennysheep_generic_room_9
D:3:      layout_loops_ring, serial_shops, shop, patterned_corridor

Skill      XL: |  1  2 |
---------------+-------+-----
Fighting       | 4 |  4.1
Axes           | 3 |  3.5
Armour         | |  3.5
Shields        | |  3.6

Action                     || total
---------------------------++-------
  Melee: War axe           ||    59
 Invoke: Curse Item        ||     1
    Use: Scroll            ||     1
 Armour: Scale mail        ||    38
  Dodge: Dodged            ||    32
  Block: Buckler           ||    12

Table legend: (Time is in decaauts)
 A = Elapsed time spent in this place.
 B = Non-inter-level travel time spent in this place.
 C = Inter-level travel time spent in this place.
 D = Time resting spent in this place.
 E = Time spent auto-exploring this place.
 F = Levels seen in this place.
 G = Mean time per level.
                   A        B        C        D        E       F      G
               +--------+--------+--------+--------+--------+-----+--------+
         Total |    942 |    913 |     29 |    100 |    419 |   3 |  314.0 |
       Dungeon |    942 |    913 |     29 |    100 |    419 |   3 |  314.0 |
               +--------+--------+--------+--------+--------+-----+--------+

Top non-repeatable levels by time:
     D:1: 888 daAuts
     D:2: 52 daAuts
     D:3: 1 daAuts
